 Dungeon Crawl Stone Soup version 0.29-a0-451-gfbfa42419e (webtiles) character file.

Game seed: 14723401604917155883

492 Sobieck the Conjurer (level 6, -12/52 HPs)
             Began as a Draconian Conjurer on May 19, 2022.
             Mangled by Prince Ribbit (16 damage)
             ... on level 5 of the Dungeon.
             The game lasted 00:13:12 (4794 turns).

Sobieck the Conjurer (Draconian Conjurer)           Turns: 4794, Time: 00:13:13

Health: -12/52     AC:  7    Str:  9    XL:     6   Next: 91%
Magic:  2/11       EV: 12    Int: 20    God:
Gold:   230        SH:  5    Dex: 16    Spells: 5/12 levels left

rFire   . . .      SeeInvis .   h - +3 dagger {short}
rCold   . . .      Faith    .   (no shield)
rNeg    . . .      Spirit   .   (body armour unavailable)
rPois   .          Reflect  +   (helmet restricted)
rElec   .          Harm     .   (no cloak)
rCorr   .          Rampage  .   (no gloves)
Will    .....                   y - +0 pair of boots
Stlth   ++........              b - amulet of reflection
HPRegen 0.17/turn               f - +4 ring of slaying
MPRegen 0.12/turn               e - +6 ring of dexterity

@: no status effects
A: AC +6, unfitting armour, cold-blooded
a: no special abilities


You were on level 5 of the Dungeon.
You visited 1 branch of the dungeon, and saw 5 of its levels.

You collected 230 gold pieces.


Innate Abilities, Weirdness & Mutations

Your plain brown scales are hard. (AC +6)
You cannot fit into any form of body armour.
You are cold-blooded and may be slowed by cold attacks.


   Skills:
 + Level 3.9 Fighting
 - Level 1.7 Dodging
 - Level 1.7 Stealth
 + Level 3.9 Spellcasting
 + Level 5.5 Conjurations
 + Level 2.4 Hexes


You had 5 spell levels left.
You knew the following spells:

 Your Spells              Type           Power      Damage    Failure   Level
a - Magic Dart            Conj           100%       1d8       1%          1
b - Searing Ray           Conj           52%        2d6       1%          2
c - Fulminant Prism       Conj/Hex       9%         3d7       26%         4

Your spell library contained the following spells:

 Spells                   Type           Power      Damage    Failure   Level
 Dazzling Flash           Conj/Hex       38%        N/A       8%          3
 Ensorcelled Hibernation  Hex/Ice        16%        N/A       12%         2
 Mephitic Cloud           Conj/Pois/Air  11%        N/A       19%         3
 Call Imp                 Summ           3%         N/A       21%         2
 Passwall                 Tmut/Erth      2%         N/A       21%         2
 Swiftness                Air            3%         N/A       36%         3
 Iskenderun's Mystic Bla  Conj/Tloc      15%        2d5       38%         4

Inventory:

Hand Weapons
 c - a +0 club of draining {mace}
   (You took it off a kobold on level 1 of the Dungeon)
 h - a +3 dagger (weapon) {short}
   (You took it off a kobold on level 4 of the Dungeon)
Missiles
 d - 78 stones {throwing}
Armour
 y - a +0 pair of boots (worn)
   (You found it on level 4 of the Dungeon)
Jewellery
 b - an amulet of reflection (around neck)
   (You acquired it on level 4 of the Dungeon)
 e - a +6 ring of dexterity (right hand)
   (You found it on level 4 of the Dungeon)
 f - a +4 ring of slaying (left hand)
   (You found it on level 1 of the Dungeon)
 x - an amulet of magic regeneration {@e2}
   (You found it on level 4 of the Dungeon)
Scrolls
 m - a scroll of vulnerability {!r!r}
 n - 4 scrolls of teleportation {@r4}
 p - 3 scrolls of immolation {!r!r}
 q - a scroll of fog
 w - a scroll of noise {!r}
Potions
 a - a potion of magic
 g - a potion of curing {@q1}
 j - 3 potions of resistance
 k - 2 potions of brilliance
 l - a potion of berserk rage {!q}
 o - a potion of attraction {!q}
 r - a potion of lignification {!q}
 s - a potion of might {unknown}
 u - a potion of ambrosia {unknown}
 v - 3 potions of mutation {unknown}

Dungeon Overview and Level Annotations

Branches:
Dungeon (5/15)
 Temple: D:4-7

Altars:
Gozag
Uskayaw
Wu Jian

Annotations:
D:3 exclusion: downstairs
D:5 Prince Ribbit, Sigmund

### ...##
....####
.......####
#....†<.###...
##......[.....#
##...........###
##...........##
##F@.####....##
. ##...## #...##
... ##...##
...##
.....##...##
...# .........##
..## ........##
## ........#
##......#
#.......


You could see Prince Ribbit.


Message History

The magic dart hits the adder.
The adder hisses angrily.
The magic dart hits the adder.
The magic dart hits the adder.
You kill the adder!
d - 78 stones {throwing} (gained 19)
z - a scroll labelled HAIDUR NIAKYJ Unknown command.
You see here a +0 club {mace}.
There is a stone staircase leading up here.
Done exploring.
As you read the scroll of identify {@r1}, it crumbles to dust.
r - a potion of lignification Blink to where?
Press: ? - help, Dir - move target
As you read the scroll labelled QALUMU EPPAXUTAREH, it crumbles to dust.
It was a scroll of blinking.
As you read the scroll labelled EHUMENNEAS, it crumbles to dust.
You hear a loud clanging noise!
It was a scroll of noise.
As you read the scroll labelled HAIDUR NIAKYJ, it crumbles to dust.
You assume a fearsome visage.
Nothing appears to happen.
It was a scroll of fear.
Done exploring.
(D) Dungeon
Where to? (Enter - D:4, ? - help)
There is a stone staircase leading down here.
You climb downwards.
Sigmund shouts!
There is a stone staircase leading up here.
Sigmund is nearby!
Danger!
You climb upwards.
There is a stone staircase leading down here.
There is a stone staircase leading down here.
You climb downwards.
Level annotation: Sigmund The hound barks!
There is a stone staircase leading up here.
Danger!
The magic dart hits the hound.
The magic dart hits the hound.
The hound bites you but does no damage.
You puncture the hound! You tail-slap the hound.
You kill the hound!
You see here a hound corpse.
There is a stone staircase leading up here.
You start resting.
An ufetubus comes into view.
Danger!
The magic dart hits the ufetubus.
The ufetubus shouts!
Unknown command.
The magic dart hits the ufetubus.
The magic dart hits the ufetubus.
You kill the ufetubus!
Unknown command.
You now have 230 gold pieces (gained 8).
Prince Ribbit comes into view.
Danger!
The magic dart hits Prince Ribbit.
Unknown command.
Casting: Magic Dart (safe; 1% risk of failure)
Confirm with . or Enter, or press ? or * to list all spells.
Okay, then.
Prince Ribbit attacks as you move away! Prince Ribbit hits you!
Casting: Magic Dart (safe; 1% risk of failure)
Confirm with . or Enter, or press ? or * to list all spells.
Aiming: Searing Ray (safe; 1% risk of failure)
Press: ? - help, Shift-Dir - straight line, f/p - Prince Ribbit
Aim: Prince Ribbit (lightly wounded, 63% to hit)
The searing ray hits Prince Ribbit! (Press . to maintain the ray.) Prince Ribbit hits you but does no damage.
Casting: Searing Ray (safe; 1% risk of failure)
Confirm with . or Enter, or press ? or * to list all spells.
Restarting spell: Searing Ray (safe; 1% risk of failure)
Press: ? - help, Shift-Dir - straight line, f/p - Prince Ribbit
Aim: Prince Ribbit (moderately wounded, 63% to hit)
Okay, then.
The searing ray misses Prince Ribbit.
Prince Ribbit misses you. Prince Ribbit hits you!
Unknown command.
The searing ray hits Prince Ribbit!
Prince Ribbit closely misses you.
The searing ray hits Prince Ribbit!
You finish channelling your searing ray.
Prince Ribbit hits you but does no damage.
Prince Ribbit barely misses you.
Casting: Searing Ray (safe; 1% risk of failure)
Confirm with . or Enter, or press ? or * to list all spells.
Aiming: Searing Ray (safe; 1% risk of failure)
Press: ? - help, Shift-Dir - straight line, f/p - Prince Ribbit
Aim: Prince Ribbit (severely wounded, 63% to hit)
The searing ray misses Prince Ribbit. (Press . to maintain the ray.) Prince Ribbit hits you!
* * * LOW HITPOINT WARNING * * *
The searing ray hits Prince Ribbit.
Prince Ribbit hits you!
* * * LOW HITPOINT WARNING * * *
The searing ray misses Prince Ribbit.
Prince Ribbit barely misses you. Prince Ribbit hits you!
You die...

Skill      XL: |  1  2  3  4  5  6 |
---------------+-------------------+-----
Fighting       | 1 2 3 |  3.9
Spellcasting   | 3 |  3.9
Hexes          | 1 2 |  2.4
Conjurations   | 5 |  5.5
Dodging        | |  1.7
Stealth        | |  1.7

Action                   |  1- 3 |  4- 6 || total
-------------------------+-------+-------++-------
Melee: Club              |    14 |    10 ||    24
       Tailslap          |       |     3 ||     3
       Dagger            |       |    14 ||    14
 Cast: Magic Dart        |    57 |    75 ||   132
       Searing Ray       |     5 |    19 ||    24
  Use: Scroll            |       |    18 ||    18
Armor: Skin              |     8 |    11 ||    19
Dodge: Dodged            |    19 |    32 ||    51
Block: Other             |       |     7 ||     7

Levels and vault maps discovered:
D:1:      matt_arrival_refuge, layout_loops_ring, ebering_ecumenical_altar_ruins
D:2:      layout_loops_ring, kennysheep_cluttered_room
D:3:      layout_loops_ring, uniq_terence
D:4:      layout_rooms, mainiacjoe_overflow_swirl, kennysheep_mini_moat,
          st_stairs_1, nicolae_figureground_sparkle
D:5:      layout_layer_cave, gammafunk_temple_overflow_forgotten,
          hangedman_decor_push, uniq_edmund, uniq_ijyb, uniq_prince_ribbit1,
          uniq_sigmund

Notes
Turn   | Place    | Note
-------+----------+-------------------------------------------
     0 | D:1      | Sobieck the Draconian Conjurer began the quest for the Orb.
     0 | D:1      | Reached XP level 1. HP: 14/14 MP: 3/3
   417 | D:1      | Reached XP level 2. HP: 22/22 MP: 1/5
   429 | D:1      | Reached skill level 1 in Fighting
   533 | D:1      | You pick up a book of Minor Magic and begin reading...
   533 | D:1      | You add the spells Call Imp and Mephitic Cloud to your
                  | library.
   718 | D:1      | You pick up a book of Minor Magic and begin reading...
  1131 | D:1      | Reached XP level 3. HP: 28/28 MP: 4/6
  1134 | D:1      | Learned a level 2 spell: Searing Ray
  1174 | D:1      | Found a faded altar of an unknown god.
  1750 | D:2      | Reached skill level 2 in Fighting
  1973 | D:2      | Reached XP level 4. HP: 36/36 MP: 4/8
  2247 | D:2      | Learned a level 4 spell: Fulminant Prism
  2490 | D:3      | Noticed Terence
  2507 | D:3      | Killed Terence
  2508 | D:3      | Reached skill level 3 in Spellcasting
  2865 | D:4      | Identified a scroll of acquirement
  2865 | D:4      | Acquired an amulet of reflection
  3157 | D:3      | You pick up a book of Burglary and begin reading...
  3157 | D:3      | You add the spells Passwall, Ensorcelled Hibernation and
                  | Swiftness to your library.
  3168 | D:3      | Reached XP level 5. HP: 42/42 MP: 6/9
  3296 | D:4      | Reached skill level 1 in Hexes
  3321 | D:4      | Found an ornate altar of the Wu Jian Council.
  3331 | D:4      | Found a hide-covered altar of Uskayaw.
  3443 | D:4      | Reached skill level 3 in Fighting
  3443 | D:4      | Reached skill level 5 in Conjurations
  3910 | D:4      | Reached XP level 6. HP: 49/51 MP: 4/11
  4009 | D:4      | Found an opulent altar of Gozag.
  4178 | D:4      | Reached skill level 2 in Hexes
  4367 | D:4      | Noticed a sky beast
  4417 | D:4      | Killed a sky beast
  4707 | D:5      | Entered Level 5 of the Dungeon
  4707 | D:5      | Noticed Sigmund
  4782 | D:5      | Noticed Prince Ribbit
  4793 | D:5      | HP: 4/52 [Prince Ribbit (16)]
  4794 | D:5      | Mangled by Prince Ribbit

Vanquished Creatures
  A sky beast (D:4)
  A necrophage (D:4)
  An orc priest (D:4)
  2 hounds
  An iguana (D:4)
  Terence (D:3)
  5 gnolls
  6 adders
  An ufetubus (D:5)
  2 worms
  2 dart slugs
  4 orcs (D:4)
  A ball python (D:1)
  5 bats
  5 endoplasms
  5 giant cockroaches
  6 goblins
  9 hobgoblins
  11 jackals
  6 quokkas
  3 frilled lizards
  7 kobolds
  4 rats
89 creatures vanquished.

Table legend:
 A = Non-vault XP
 B = Vault XP
 C = Vault XP percentage of total XP
 D = Non-vault monster count
 E = Vault monster count
 F = Vault count percentage of total count
                 A         B        C        D         E       F
            +---------+---------+-------+---------+---------+-------
      Total |     623 |      80 |  11.4 |      85 |       4 |   4.5
            +---------+---------+-------+---------+---------+-------
        D:1 |      47 |       0 |   0.0 |      26 |       0 |   0.0
        D:2 |      61 |       0 |   0.0 |      13 |       0 |   0.0
        D:3 |      52 |      36 |  40.9 |      16 |       1 |   5.9
        D:4 |     412 |      44 |   9.6 |      28 |       3 |   9.7
        D:5 |      51 |       0 |   0.0 |       2 |       0 |   0.0
            +---------+---------+-------+---------+---------+-------

Illustrated notes

Table legend:
 A = Kills in this place as a percentage of kills in entire the game.
 B = Kills by you in this place as a percentage of kills by you in the entire game.
 C = Kills by friends in this place as a percentage of kills by friends in the entire game.
 D = Other kills in this place as a percentage of other kills in the entire game.
 E = Experience gained in this place as a percentage of experience gained in the entire game.
 F = Experience gained in this place divided by the number of levels of this place that you have seen.
                   A       B       C       D       E      F
               +-------+-------+-------+-------+-------+----------------------
         Total | 100.0 | 100.0 |   N/A |   N/A | 100.0 | 140.6
       Dungeon | 100.0 | 100.0 |   N/A |   N/A | 100.0 | 140.6
               +-------+-------+-------+-------+-------+----------------------

Table legend: (Time is in decaauts)
 A = Elapsed time spent in this place.
 B = Non-inter-level travel time spent in this place.
 C = Inter-level travel time spent in this place.
 D = Time resting spent in this place.
 E = Time spent auto-exploring this place.
 F = Levels seen in this place.
 G = Mean time per level.
                   A        B        C        D        E       F      G
               +--------+--------+--------+--------+--------+-----+--------+
         Total |   4803 |   4704 |     99 |    786 |   3132 |   5 |  960.6 |
       Dungeon |   4803 |   4704 |     99 |    786 |   3132 |   5 |  960.6 |
               +--------+--------+--------+--------+--------+-----+--------+

Top non-repeatable levels by time:
     D:4: 1453 daAuts
     D:1: 1400 daAuts
     D:3: 1039 daAuts
     D:2: 838 daAuts
     D:5: 72 daAuts
